 Dungeon Crawl Stone Soup version 0.31-a0-1-g4198be8af4 (webtiles) character file.

Game seed: 15286826829516594726

4 ersatz the Shield-Bearer (level 1, 20/20 HPs)
             Began as a Minotaur Fighter on May 2, 2023.
             Was a Follower of Nemelex Xobeh.
             Quit the game on level 1 of the Dungeon.
             The game lasted 00:03:45 (155 turns).

ersatz the Shield-Bearer (Minotaur Fighter)          Turns: 155, Time: 00:03:46

Health: 20/20      AC:  7    Str: 20    XL:     1   Next: 58%
Magic:  0/0        EV:  9    Int:  5    God:    Nemelex Xobeh [*.....]
Gold:   25         SH:  0    Dex:  9    Spells: 0/0 levels left

rFire   . . .        a - +0 long sword
rCold   . . .        g - orb {mayhem}
rNeg    . . .        b - +0 scale mail
rPois   .            (helmet restricted)
rElec   .            (no cloak)
rCorr   .            (no gloves)
SInv    .            (no boots)
Will    .....        (no amulet) Stlth
                     (no ring)
HPRegen 0.23/turn    (no ring)
MPRegen 0.07/turn

%: mayhem
@: no status effects
A: horns 2, retaliatory headbutt
a: Renounce Religion, Draw Escape, Draw Destruction, Draw Summoning


You were on level 1 of the Dungeon.
You worshipped Nemelex Xobeh.
Nemelex Xobeh was aware of your devotion.
You visited 1 branch of the dungeon, and saw 1 of its levels.

You collected 25 gold pieces.

Inventory:

Hand Weapons
 a - a +0 long sword (weapon)
 f - a +0 hand axe
Armour
 b - a +0 scale mail (worn)
 c - a +0 buckler
 g - an orb of mayhem (worn)
Scrolls
 e - a scroll of fear {unknown}
Potions
 d - a potion of might


   Skills:
 + Level 3.7 Fighting
 + Level 2.4 Long Blades
 + Level 3.7 Armour
 + Level 3.8 Shields


You couldn't memorise any spells.
You didn't know any spells.
Your spell library was empty.

Dungeon Overview and Level Annotations

Branches:
Dungeon (1/15)

Altars:
Nemelex Xobeh


Innate Abilities, Weirdness & Mutations

You have a pair of horns on your head.
You reflexively headbutt those who attack you in melee.


Message History

e - a +0 ring mail
Found a scroll labelled RASABL MUAPPE.
Found a faded altar of an unknown god.
You see here a +0 hand axe.
f - a +0 hand axe You drop a +0 ring mail.
The eye of devastation turns its gaze towards you.
Found a runed orb.
e - a scroll labelled RASABL MUAPPE The golden eye pulsates ominously.
A bat comes into view.
The bat hits you but does no damage.
You hit the bat.
You kill the bat!
Things that are here:
an orb of mayhem; a bat corpse
g - an orb of mayhem You start removing your armour.
You continue taking off your +0 buckler. x4
You finish taking off your +0 buckler.
You start putting on your armour.
You continue putting on your orb of mayhem. x5
You finish putting on your orb of mayhem.
Found a stone staircase leading down.
You see here a bat corpse.
There is a faded altar of an unknown god here.
This altar belongs to (a) Okawaru, (b) Cheibriados or (c) Nemelex Xobeh, but you can't tell which.
Press the corresponding letter to learn more about a god, or press enter to convert or escape to cancel.
Nemelex Xobeh accepts your prayer! Nemelex Xobeh welcomes you!
You can now draw from decks of power.
Nemelex will now gift you decks of power as you gain piety.
Nemelex Xobeh deals you some cards!
You now have 5 escape cards, 6 destruction cards and 2 summoning cards.
Unknown command.
Press < or > to pray at altars.
Hit: a) +0 long sword
Press: ? - help, Dir - move target, f - you That would be overly suicidal.
Okay, then.
A goblin comes into view. It is wielding a +0 dagger.
Are you sure you want to abandon this character and quit the game? (Confirm with "yes".)

..# ..# # #
###g. . #.
#.....# #.#
#.#.#.#
#.##.#..###.#
#.#@#.......
#...# ##.##
#.# #.# #.#
#.# #######
#.#
......####
#.#


There were no monsters in sight!

Vanquished Creatures
  A bat (D:1)
  A hobgoblin (D:1)
  2 ball pythons (D:1)
4 creatures vanquished.

Notes
Turn   | Place    | Note
-------+----------+-------------------------------------------
     0 | D:1      | ersatz the Minotaur Fighter began the quest for the Orb.
     0 | D:1      | Reached XP level 1. HP: 19/19 MP: 0/0
    84 | D:1      | Noticed a golden eye
    86 | D:1      | Noticed a floating eye
    88 | D:1      | Found a faded altar of an unknown god.
    91 | D:1      | Noticed an eye of devastation
    91 | D:1      | Noticed a golden eye
   125 | D:1      | Prayed at the altar of an unknown god.
   125 | D:1      | Became a worshipper of Nemelex Xobeh the Trickster
   125 | D:1      | Reached * piety under Nemelex Xobeh
   125 | D:1      | Received a gift from Nemelex Xobeh
   155 | D:1      | Quit the game

Illustrated notes

Levels and vault maps discovered:
D:1:      saegor_arrival_under_anarchy, layout_loops_ring,
          hellmonk_ecumenical_altar_watching_god

Action                     || total
---------------------------++-------
  Melee: Long sword        ||     4
 Armour: Scale mail        ||     1
  Dodge: Dodged            ||     2

Table legend: (Time is in decaauts)
 A = Elapsed time spent in this place.
 B = Non-inter-level travel time spent in this place.
 C = Inter-level travel time spent in this place.
 D = Time resting spent in this place.
 E = Time spent auto-exploring this place.
 F = Levels seen in this place.
 G = Mean time per level.
                   A        B        C        D        E       F      G
               +--------+--------+--------+--------+--------+-----+--------+
         Total |    156 |    143 |     13 |      0 |     91 |   1 |  156.0 |
       Dungeon |    156 |    143 |     13 |      0 |     91 |   1 |  156.0 |
               +--------+--------+--------+--------+--------+-----+--------+

Top non-repeatable levels by time:
     D:1: 156 daAuts
